AoeStats
← andrewt12357

Arabia

510405774Analyzed
1v1 RM · 14h ago on Sep 30, 2026· 36m 30s· 2 players
Game mode
Random Map
Map size
Tiny (2 player)
Population
200
Speed
Normal
Resources
Standard
Victory
Conquest
Starting age
Dark Age
Ending age
Imperial Age
RankedLock teamsTeams togetherTeam positionsShared explorationLock speedFull tech treeHidden civsTurbo modeCheats
Victory
Defeat
🇨🇴 Mongols · Colombia
946
+18
🇨🇿 Danes · Czechia
996
-18
andrewt12357
0:27 Loom
9:33 Feudal Age
11:02 Horse Collar
17:08 Fletching
19:37 Bloodlines
20:18 Scale Barding Armor
25:57 Castle Age
24:41 Forging
26:07 Double-Bit Axe
26:19 Light Cavalry
27:23 Thumb Ring
27:16 Crossbowman
30:19 Husbandry
32:13 Town Watch
36:04 Wheelbarrow
35:31 Town Patrol
35:44 Bow Saw
37:00 Heavy Plow
37:24 Chain Barding Armor
37:40 Iron Casting
Abraham
0:53 Loom
6:05 Loom
9:58 Feudal Age
10:38 Double-Bit Axe
22:06 Castle Age
26:51 Horse Collar
27:55 Scale Mail Armor
Connection lost

Rejoining the realm…

Still unreachable

The connection could not be restored.

Session expired

The server has moved on; the page needs a fresh start.